 Dungeon Crawl Stone Soup version 0.19-a0-36-g4a0968a (webtiles) character file.

42 ololoev the Firebug (level 3, 0/19 HPs)
             Began as a Deep Elf Fire Elementalist on May 4, 2016.
             Slain by a hobgoblin
             ... wielding a +0 club
             ... led by Robin
              (5 damage)
             ... on level 1 of the Dungeon.
             The game lasted 00:02:56 (1842 turns).

ololoev the Firebug (Deep Elf Fire Elementalist)    Turns: 1842, Time: 00:02:57

Health: 0/19       AC:  2    Str:  5    XL:     3   Next: 35%
Magic:  8/10       EV: 13    Int: 20    God:
Gold:   131        SH:  0    Dex: 15    Spells: 2 memorised, 5 levels left

rFire  . . .     SeeInvis .     e - +2 whip (elec)
rCold  . . .     Gourm    .     a - +0 robe
rNeg   . . .     Faith    +     (no shield)
rPois  .         Spirit   .     (no helmet)
rElec  .         Dismiss  .     (no cloak)
rCorr  .         Reflect  .     (no gloves)
SustAt .         Harm     .     (no boots)
MR     .....                    g - amulet of faith
Stlth  ++........               (no ring)
                                (no ring)

@: not resistant to hostile enchantments, unstealthy
A: no striking features
a: no special abilities

Inventory:

Hand Weapons
 e - a +2 whip of electrocution (weapon)
Armour
 a - a +0 robe (worn)
Jewellery
 g - an amulet of faith (around neck)
Scrolls
 f - 2 scrolls of fog {unknown}
 j - 2 scrolls of teleportation {unknown}
 l - a scroll of remove curse {unknown}
Potions
 d - 2 potions of flight {unknown}
 h - a potion of mutation {unknown}
 k - a potion of curing {unknown}
Books
 b - a book of Flames

   Spells                             Type                      Level
   a - Flame Tongue                   Conjuration/Fire             1
   b - Throw Flame                    Conjuration/Fire             2
   c - Conjure Flame                  Conjuration/Fire             3
   d - Inner Flame                    Hexes/Fire                   3
   e - Sticky Flame                   Conjuration/Fire             4
   f - Fireball                       Conjuration/Fire             5
Comestibles
 c - 3 bread rations


   Skills:
 - Level 2.4 Dodging
 - Level 2.4 Stealth
 * Level 3.5 Spellcasting
 * Level 2.3 Conjurations
 * Level 4.1 Fire Magic


You had 5 spell levels left.
You knew the following spells:

 Your Spells              Type           Power        Failure   Level  Hunger
a - Flame Tongue          Conj/Fire      ###..        3%          1    None
b - Conjure Flame         Conj/Fire      ###.....     12%         3    ###....


You were on level 1 of the Dungeon.
You were not hungry.

You visited 1 branch of the dungeon, and saw 2 of its levels.

You collected 131 gold pieces.

##################.##..#......#
#.##..#......# ##.##..#......#
#.............. #......#.......
#......#######. ##########
#.>............
#........###....#.###...#.
#........@gg......# #.).#.
#........########## #####.
#...####.# #. #...# ##.### #.
#.).# #....# #. #...# #..#.# ##
####...###..#.#####
#.................#
#.########........#

Notes
Turn   | Place    | Note
--------------------------------------------------------------
     0 | D:1      | ololoev the Deep Elf Fire Elementalist began the quest for the Orb.
     0 | D:1      | Reached XP level 1. HP: 10/10 MP: 6/6
   374 | D:1      | Reached XP level 2. HP: 15/15 MP: 8/8
  1469 | D:2      | Reached skill level 4 in Fire Magic
  1469 | D:2      | Reached XP level 3. HP: 15/19 MP: 9/9
  1481 | D:2      | Learned a level 3 spell: Conjure Flame
  1823 | D:2      | Noticed Robin
  1842 | D:1      | Slain by a hobgoblin

Dungeon Overview and Level Annotations

Branches:
Dungeon (2/15)

Altars:

Annotations:
D:2 Robin


Message History

The flame tongue hits the goblin.
The goblin is severely wounded.
Casting: Flame Tongue
Confirm with . or Enter, or press ? or * to list all spells.
Aiming: Flame Tongue
Press: ? - help, Shift-Dir - straight line, f/p - goblin
Aim: a goblin, wielding a club (severely wounded)
The flame tongue hits the goblin.
You kill the goblin!
Casting: Flame Tongue
Confirm with . or Enter, or press ? or * to list all spells.
You can't see any susceptible monsters within range! (Use Z to cast anyway.)
There is a stone staircase leading up here.
You climb upwards.
There is a stone staircase leading down here.
Wear which item? (? for menu, Esc to quit)
Okay, then.
You start resting.
You are feeling hungry.
You start resting.
Magic restored.
You start resting.
HP restored.
You climb downwards.
There is a stone staircase leading up here.
You see here 2 stones.
You see here a stone.
Items here: ))) † a club; a dagger; a club; a goblin corpse You butcher the goblin corpse.
i - a chunk of flesh
Items here: ))) ÷ a club; a dagger; a club; a goblin skeleton
Things that are here:
14 stones; an uncursed hunting sling of flaming Eat a chunk of flesh? (ye/n/q/i?) This raw flesh tastes terrible.
You continue eating. x2
Robin roars a battlecry!
The hobgoblin goes into a battle-frenzy!
A goblin comes into view.
Press: ? - help, v - describe, . - travel
Here: Robin, wielding a spear, wearing an animal skin and wearing a helmet The floor.
Things that are here:
14 stones; an uncursed hunting sling of flaming The goblin shouts!
The hobgoblin barely misses you. Robin hits you with a spear.
Items here: ))) ÷ a club; a dagger; a club; a goblin skeleton Robin hits you from afar with a spear.
You see here a stone.
Robin's horned helmet rattles.
Robin throws the goblin at you! The goblin hits you but does no damage.
You see here 2 stones.
The goblin closely misses you. The goblin misses you.
There is a stone staircase leading up here.
The hobgoblin barely misses you. The goblin hits you.
You climb upwards.
There is a stone staircase leading down here.
The hobgoblin barely misses you.
The goblin no longer looks unusually strong.
Casting: Flame Tongue
Confirm with . or Enter, or press ? or * to list all spells.
Aiming: Flame Tongue
Press: ? - help, Shift-Dir - straight line, f - hobgoblin
Aim: a hobgoblin, wielding a club (unusually strong)
The flame tongue hits the hobgoblin.
The hobgoblin is severely wounded.
The hobgoblin hits you with a club.
Casting: Flame Tongue
Confirm with . or Enter, or press ? or * to list all spells.
Aiming: Flame Tongue
Press: ? - help, Shift-Dir - straight line, f/p - hobgoblin
Aim: a hobgoblin, wielding a club (severely wounded, unusually strong)
The flame tongue hits the hobgoblin.
The hobgoblin is almost dead.
The hobgoblin hits you with a club.
You die...

You could see a hobgoblin and a goblin.

Vanquished Creatures
  An ooze (D:2)
  A dart slug (D:1)
  A giant gecko (D:2)
  3 giant cockroaches
  8 goblins
  2 hobgoblins
  6 kobolds
  2 bats
  4 giant newts
  5 rats
33 creatures vanquished.

Action                   || total
-------------------------++-------
Melee: Whip              ||    67
 Cast: Flame Tongue      ||    18
 Stab: Sleeping          ||     4
  Eat: Chunk             ||     3
Armor: Robe              ||    10
Dodge: Dodged            ||    58

Vault maps used:
D:1:      sevenhm_arrival_forest_fort_large_2
D:2:      first_bread, uniq_robin
